 Dungeon Crawl Stone Soup version 0.22.1-2-g9c5b331 (webtiles) character file.

55 lysyklops the Sneak (level 3, 0/16 HPs)
             Began as a Spriggan Enchanter on Dec 18, 2018.
             Succumbed to an adder's poison
             ... on level 2 of the Dungeon.
             The game lasted 00:06:16 (2442 turns).

lysyklops the Sneak (Spriggan Enchanter)            Turns: 2442, Time: 00:06:17

Health: 0/16       AC:  2    Str:  4    XL:     3   Next: 67%
Magic:  1/8        EV: 19    Int: 17    God:
Gold:   91         SH:  0    Dex: 16    Spells: 2/8 levels left

rFire    . . .     SeeInvis +   a - +1 dagger
rCold    . . .     Gourm    .   (shield restricted)
rNeg     . . .     Faith    .   b - +0 robe
rPois    .         Spirit   .   (helmet restricted)
rElec    .         Reflect  .   (no cloak)
rCorr    .         Harm     .   (gloves unavailable)
MR       .....                  (boots unavailable)
Stlth    +++.......             (no amulet)
HPRegen  0.05/turn              (no ring)
MPRegen  0.11/turn              (no ring)

@: lethally poisoned (0 -> -6), very quick
A: very small, unfitting armour, see invisible, herbivore, speed 3, slow
metabolism 2
a: no special abilities


You were on level 2 of the Dungeon.
You were not hungry.

You visited 1 branch of the dungeon, and saw 2 of its levels.

You collected 91 gold pieces.

Inventory:

Hand Weapons
 a - a +1 dagger (weapon)
Armour
 b - a +0 robe (worn)
Scrolls
 c - a scroll of noise {unknown}
 e - a scroll of blinking {unknown}
 g - 3 scrolls of identify {unknown}
 h - a scroll of fear {unknown}
 i - a scroll of enchant weapon {unknown}
Potions
 f - a potion of lignification {unknown}
 j - a potion of heal wounds {unknown}
Comestibles
 d - 7 rations


   Skills:
 + Level 2.0 Short Blades
 + Level 3.8 Dodging
 + Level 5.1 Stealth
 + Level 3.3 Spellcasting
 + Level 4.1 Hexes


You had 2 spell levels left.
You knew the following spells:

 Your Spells              Type           Power        Failure   Level  Hunger
a - Corona                Hex            ###....      3%          1    None
b - Confuse               Hex            ###.....     10%         3    ###....
c - Ensorcelled Hibernat  Hex/Ice        #.....       11%         2    ##.....

Your spell library contained the following spells:

 Spells                   Type           Power        Failure   Level  Hunger
 Tukima's Dance           Hex            ###.....     10%         3    ###....
 Dazzling Spray           Conj/Hex       #.....       22%         3    ###....


Dungeon Overview and Level Annotations

Branches:
Dungeon (2/15)

Altars:
Ru
Sif Muna

Annotations:
D:2 Sigmund


Innate Abilities, Weirdness & Mutations

You are very small and have problems with some larger weapons.
You are too small for most types of armour.
You have supernaturally acute eyesight. (SInv)
You are a herbivore.
You cover ground extremely quickly.
You need to consume almost no food.


Message History

Confirm with . or Enter, or press ? or * to list all spells.
Aiming: Confuse (safe; 10% risk of failure)
Press: ? - help, Shift-Dir - straight line, f/p - adder
Aim: an adder (heavily wounded, chance to defeat MR: 55%)
The adder appears confused.
You hit the adder but do no damage.
The adder is heavily wounded.
The adder bites you.
* * * LOW HITPOINT WARNING * * *
You are lethally poisoned!
The adder poisons you!
You closely miss the adder.
The adder is heavily wounded.
* * * LOW HITPOINT WARNING * * *
You feel sick.
You closely miss the adder.
The adder is heavily wounded.
* * * LOW HITPOINT WARNING * * *
You feel sick.
You die...

## .############ .##.........#
####### .##.........##########
g...l.S .##...>.....'..s......
.......
.##.........#############.......
.##.........'...@.....S.........
.##.........############........
...........#.....#######........
######....(.....................
#.....####.#.###.###.##.#.......
#.....# #.#.# #......#.#.......
#.....# #.#.#######..#.#.......
#.....####.#.#........#.####+#..
.........#.#.#.####...#.# #.


You could see an adder (confused).

Vanquished Creatures
  An adder (D:2)
  An ooze (D:2)
  A leopard gecko (D:2)
  A bat (D:1)
  6 giant cockroaches
  6 hobgoblins
  A jackal (D:1)
  2 kobolds
  A quokka (D:2)
  3 frilled lizards (D:2)
  8 goblins
  6 rats
37 creatures vanquished.

Notes
Turn   | Place    | Note
-------+----------+-------------------------------------------
     0 | D:1      | lysyklops the Spriggan Enchanter began the quest for the
                  | Orb.
     0 | D:1      | Reached XP level 1. HP: 9/9 MP: 5/5
   227 | D:1      | Reached XP level 2. HP: 13/13 MP: 6/6
  1235 | D:2      | Found a deep blue altar of Sif Muna.
  1582 | D:2      | Noticed Sigmund
  1610 | D:2      | Reached XP level 3. HP: 14/16 MP: 8/8
  1615 | D:2      | Learned a level 3 spell: Confuse
  1618 | D:2      | Learned a level 2 spell: Ensorcelled Hibernation
  1711 | D:2      | Reached skill level 5 in Stealth
  2203 | D:2      | Found a sacrificial altar of Ru.
  2442 | D:2      | Succumbed to an adder's poison

Skill      XL: |  1  2  3 |
---------------+----------+-----
Spellcasting   | 3 |  3.3
Hexes          | 4 |  4.1
Stealth        | 5 |  5.1
Short Blades   | 2 |  2.0
Dodging        | |  3.8

Action                   || total
-------------------------++-------
Melee: Dagger            ||   205
 Cast: Corona            ||     2
       Confuse           ||     6
       Ensorcelled Hiber ||     1
 Stab: Sleeping          ||     9
       Confused          ||     2
Armor: Robe              ||    15
Dodge: Dodged            ||   146
